 Dungeon Crawl Stone Soup version 0.20.1-1-g8b1a95d (webtiles) character file.

34435 TheGuigne the Warrior (level 13, 114/114 HPs)
             Began as a Hill Orc Fighter on Aug 12, 2017.
             Was the Champion of Beogh.
             Quit the game on level 1 of the Lair of Beasts on Aug 13, 2017.
             The game lasted 01:08:37 (17681 turns).

TheGuigne the Warrior (Hill Orc Fighter)           Turns: 17681, Time: 01:08:38

Health: 114/114    AC: 27    Str: 23    XL:     13   Next: 77%
Magic:  17/17      EV:  7    Int: 12    God:    Beogh [******]
Gold:   1290       SH: 11    Dex: 13    Spells: 12/12 levels left

rFire    + . .     SeeInvis +   Q - +0 hand axe (flame)
rCold    + + .     Gourm    .   c - +0 shield
rNeg     . . .     Faith    .   Y - +1 plate armour {rF+}
rPois    +         Spirit   +   J - +0 helmet {Int+3}
rElec    .         Reflect  .   h - +2 cloak of Mafobuoj {rPois rC+ Stlth-}
rCorr    .         Harm     .   p - +0 pair of gloves {Dex+3}
MR       .....                  Z - +1 pair of boots
Stlth    ..........             K - amulet of guardian spirit
Regen    0.3/turn               o - ring of protection from cold
MPRegen  0.2/turn               D - ring of see invisible

@: no status effects
A: walk on water, frail 1
a: Smiting, Recall Orcish Followers, Give Item to Named Follower, Resurrection,
Renounce Religion


You were on level 1 of the Lair of Beasts.
You worshipped Beogh.
Beogh was exalted by your worship.
You were not hungry.

You visited 3 branches of the dungeon, and saw 17 of its levels.

You collected 1905 gold pieces.
You spent 615 gold pieces at shops.

Inventory:

Hand Weapons
 Q - a +0 hand axe of flaming (weapon)
Missiles
 x - 2 poisoned tomahawks
 B - 30 tomahawks (quivered)
 R - 6 exploding tomahawks
Armour
 c - a +0 shield (worn)
 h - the +2 cloak of Mafobuoj (worn) {rPois rC+ Stlth-}
   (You acquired it on level 1 of the Lair of Beasts)

   It protects you from cold.
   It protects you from poison.
   It makes you less stealthy.
 p - a +0 pair of gloves of dexterity (worn)
 J - a +0 helmet of intelligence (worn)
 Y - a +1 plate armour of fire resistance (worn)
 Z - a +1 pair of boots (worn)
Jewellery
 o - a ring of protection from cold (left hand)
 D - a ring of see invisible (right hand)
 K - an amulet of guardian spirit (around neck)
Wands
 e - a wand of paralysis (20/24)
 N - a wand of confusion (18/48)
 V - a wand of disintegration (6/24)
Scrolls
 b - 3 scrolls of enchant weapon {unknown}
 g - 10 scrolls of remove curse
 l - 4 scrolls of fear {unknown}
 t - 3 scrolls of fog {unknown}
 C - 5 scrolls of teleportation
 E - 3 scrolls of enchant armour {unknown}
 H - a scroll of immolation {unknown}
 M - 2 scrolls of blinking
 O - 2 scrolls of holy word {unknown}
Potions
 d - a potion of berserk rage {unknown}
 i - 4 potions of cancellation
 m - 3 potions of heal wounds
 q - a potion of magic {unknown}
 r - 3 potions of flight
 s - 3 potions of haste
 u - 5 potions of resistance
 w - 2 potions of lignification
 z - 4 potions of curing
 W - 2 potions of might
Comestibles
 f - 12 bread rations
 k - 15 fruits
 v - 9 meat rations
 F - 7 royal jellies


   Skills:
 + Level 15.3 Fighting
 - Level 14.3 Axes
 + Level 14.5 Armour
 + Level 3.3 Dodging
 + Level 6.2 Shields
 + Level 6.2 Invocations


You had 12 spell levels left.
You didn't know any spells.

Dungeon Overview and Level Annotations

Branches:
Dungeon (9/15)             Temple (0/1) D:6            Lair (6/6) D:9
 Shoals (0/4) Lair:4        Snake (0/4) Lair:2        Slime (0/5) Lair:5
    Orc (2/2) D:9             Elf (0/3) Orc:2

Altars:
Ashenzari
Cheibriados
Dithmenos
Elyvilon
Fedhas
Hepliaklqana
Makhleb
Nemelex Xobeh
Okawaru
Qazlal
Ru
Vehumet
Yredelemnul
Zin
Beogh

Shops:
D:6 (   Orc:2 ?[([


Innate Abilities, Weirdness & Mutations

You can walk on water.
You are frail. (-10% HP)


Message History

You drop a +0 hat.
You see here 5 potions of brilliance.
Things that are here:
2 scrolls of noise; 2 scrolls of recharging
Things that are here:
a book of Frost; a book of Cantrips
Okay, then.
Things that are here:
2 scrolls of noise; 2 scrolls of recharging
Things that are here:
a +2 ring of intelligence; an uncursed amulet of rage an uncursed amulet of regeneration
Okay, then.
Save game and exit?
Welcome back, TheGuigne the Hill Orc Fighter.
Beogh says: Drown the unbelievers in a sea of blood!
Press ? for a list of commands and other information.
Quiver which item? (- for none, * to show all) (? for menu, Esc to quit)
Okay, then.
Are you sure you want to abandon this character and quit the game? (Confirm with "yes".)

### ### ..### ###.## #### ...P##
##....# #[.#
.....#####.[...###..######
P....##.........##...#P..#####
.#....#.........#)...........##
##....#.......................###
#................[!.............#
#..............<@=?............##
##.........#.....}:...##.......##
##)........##........###......##.
#.....รท)#.....(#######
#......... [.......#####...#
#...##.... .......## #.#.##
##..>..#.. ........# ###.##
##.......## .....#### #.o#
##....8..... ....## ##o#
###...#####...


There were no monsters in sight!

Vanquished Creatures
  An orc warlord (Orc:2)
  The ghost of Mesmaeker13 the Protected, a journeyman DDFi of Elyvilon (Orc:1)
  A two-headed ogre (D:8)
  2 orc high priests (Orc:2)
  2 orc sorcerers (Orc:2)
  A faun (Lair:6)
  Joseph (D:8)
  Psyche (D:8)
  2 black mambas
  5 spiny frogs
  3 trolls
  3 hippogriffs
  3 hogs (D:9)
  A wyvern (D:8)
  2 basilisks (Lair:6)
  9 yaks
  A human (D:9)
  Eustachio (D:5)
  A hungry ghost (D:7)
  5 water moccasins
  A warg (Orc:1)
  A hell hound (Lair:6)
  5 porcupines
  An orc warrior (D:8)
  2 ice beasts
  A sky beast (D:7)
  5 ogres
  4 wolves
  4 centaurs
  7 crocodiles
  7 bullfrogs
  5 scorpions
  4 killer bees (D:8)
  A howler monkey (D:9)
  2 electric eels
  2 lava snakes (Lair:6)
  2 bullfrog zombies (D:7)
  3 orc priests
  2 centaur skeletons
  5 hounds
  8 jellies
  A bullfrog skeleton (D:8)
  9 orc wizards
  3 iguanas
  2 worker ants
  2 hound skeletons
  4 gnolls
  A howler monkey skeleton (D:7)
  7 adders
  2 river rats (Lair:1)
  A shadow imp (D:9)
  3 oozes
  An adder skeleton (D:4)
  5 worms
  4 dart slugs
  4 leopard geckos
  29 orcs
  6 bats
  5 giant cockroaches
  9 goblins
  5 hobgoblins
  17 jackals
  3 quokkas
  2 ball pythons
  4 frilled lizards
  A jackal skeleton (D:4)
  13 kobolds
  A quokka zombie (D:7)
  5 rats
  A fungus (Lair:4)
268 creatures vanquished.

Vanquished Creatures (collateral kills)
  An orc warlord (Orc:1)
  A fire dragon (Lair:6)
  Erolcha (Orc:2)
  3 hydras
  Erica (D:8)
  A catoblepas (Lair:6)
  Urug (Orc:1)
  A lindwurm (Lair:6)
  2 orc sorcerers (Orc:2)
  A deep elf mage (D:9)
  3 elephants (Lair:6)
  5 black mambas
  2 molten gargoyles (Lair:6)
  12 spiny frogs
  2 rime drakes
  11 komodo dragons
  A troll (Orc:1)
  2 polar bears (Lair:6)
  5 blink frogs (Lair:2)
  A snapping turtle (Lair:4)
  5 hippogriffs
  A wyvern (Lair:6)
  10 yaks
  3 basilisks
  3 steam dragons
  4 wargs
  10 water moccasins
  3 hell hounds (Lair:6)
  11 orc warriors
  4 porcupines
  A black bear (D:9)
  4 ogres
  A centaur (D:8)
  32 wolves
  An ice beast (D:8)
  8 crocodiles
  9 bullfrogs
  A killer bee (D:8)
  An electric eel (Lair:4)
  3 lava snakes (Lair:6)
  A crimson imp (D:7)
  2 hounds
  5 jellies (Lair:5)
  2 orc priests
  7 orc wizards
  2 hell rats (Lair:1)
  2 worker ants (D:8)
  A hound skeleton (D:8)
  3 adders
  3 gnolls (D:8)
  8 river rats (Lair:1)
  9 orcs
  A giant cockroach (D:7)
  3 hobgoblins (Orc:1)
  A jackal (D:8)
  A quokka (D:8)
  2 gnoll zombies (D:6)
  13 fungi
  12 plants
250 creatures vanquished.

Vanquished Creatures (others)
  4 orc warriors
  A cyclops (Orc:2)
  A hungry ghost (D:7)
  An orc priest (Orc:2)
  3 orc wizards
  A worm (D:3)
  A leopard gecko (D:3)
  37 orcs
  A giant cockroach (D:3)
  A frilled lizard (D:3)
  2 rats (D:3)
  2 fungi
  3 plants
58 creatures vanquished.

Grand Total: 576 creatures vanquished

Notes
Turn   | Place    | Note
-------+----------+-------------------------------------------
     0 | D:1      | TheGuigne the Hill Orc Fighter began the quest for the Orb.
     0 | D:1      | Reached XP level 1. HP: 19/19 MP: 1/1
   305 | D:1      | Reached XP level 2. HP: 26/26 MP: 2/2
   642 | D:2      | Reached XP level 3. HP: 31/31 MP: 3/3
   683 | D:2      | Found an iron altar of Okawaru.
   775 | D:2      | Reached skill level 5 in Axes
   927 | D:2      | Reached XP level 4. HP: 39/39 MP: 4/4
  1230 | D:3      | Became a worshipper of Beogh the Brigand
  1326 | D:3      | Found a glowing silver altar of Zin.
  1326 | D:3      | Found a burning altar of Makhleb.
  1327 | D:3      | Noticed a blizzard demon
  1327 | D:3      | Noticed an angel
  1485 | D:3      | Found a snail-covered altar of Cheibriados.
  1827 | D:4      | Reached XP level 5. HP: 42/45 MP: 5/5
  1938 | D:4      | Reached * piety under Beogh
  2110 | D:4      | Found a shadowy altar of Dithmenos.
  2134 | D:4      | Reached XP level 6. HP: 51/51 MP: 6/6
  2438 | D:4      | Found a stormy altar of Qazlal.
  2530 | D:5      | Entered Level 5 of the Dungeon
  2539 | D:5      | Noticed Eustachio
  2566 | D:5      | Found a sparkling altar of Nemelex Xobeh.
  2576 | D:5      | Killed Eustachio
  2576 | D:5      | Reached XP level 7. HP: 16/57 MP: 7/7
  2677 | D:5      | Reached skill level 10 in Axes
  2970 | D:5      | Reached ** piety under Beogh
  3226 | D:6      | Found a shattered altar of Ashenzari.
  3368 | D:6      | Reached XP level 8. HP: 61/64 MP: 8/8
  3470 | D:6      | Found Haische Ekuo's Antique Weapon Boutique.
  3514 | D:6      | Reached skill level 5 in Armour
  3719 | D:6      | Found a staircase to the Ecumenical Temple.
  3741 | D:6      | Found a radiant altar of Vehumet.
  3891 | D:6      | You fall through a shaft for 3 floors!
  4140 | D:9      | Noticed a yak
  4156 | D:9      | Reached XP level 9. HP: 56/70 MP: 9/9
  4170 | D:9      | Reached skill level 10 in Armour
  4292 | D:8      | Found a hazy altar of Hepliaklqana.
  4408 | D:8      | Noticed Joseph
  4412 | D:8      | Noticed Psyche
  4429 | D:7      | Reached skill level 1 in Invocations
  4431 | D:7      | HP: 3/70 [acid (4)]
  4431 | D:7      | HP: 1/70 [centaur (3)]
  4488 | D:7      | Gained mutation: You are frail. (-10% HP) [mutagenic meat]
  4519 | D:7      | Found a sacrificial altar of Ru.
  4691 | D:7      | Found a blossoming altar of Fedhas.
  4730 | D:7      | Reached *** piety under Beogh
  4860 | D:7      | Reached XP level 10. HP: 69/69 MP: 11/11
  4898 | D:7      | Reached skill level 4 in Fighting
  5151 | D:6      | Found a basalt altar of Yredelemnul.
  5349 | D:8      | Killed Psyche
  5349 | D:8      | Reached skill level 5 in Fighting
  5360 | D:8      | Killed Joseph
  5360 | D:8      | Reached skill level 6 in Fighting
  5688 | D:8      | Noticed Erica
  5695 | D:8      | Killed Erica
  5695 | D:8      | Reached skill level 7 in Fighting
  5835 | D:8      | Reached skill level 8 in Fighting
  5985 | D:8      | Reached **** piety under Beogh
  6090 | D:8      | Noticed a two-headed ogre
  6098 | D:8      | Killed a two-headed ogre
  6098 | D:8      | Reached skill level 9 in Fighting
  6305 | D:9      | Found a staircase to the Orcish Mines.
  6448 | D:9      | Found a staircase to the Lair.
  6485 | D:9      | Found a white marble altar of Elyvilon.
  6516 | D:9      | Reached skill level 10 in Fighting
  6527 | Lair:1   | Entered Level 1 of the Lair of Beasts
  6576 | Lair:1   | Reached skill level 5 in Invocations
  6608 | Lair:1   | Noticed a spiny frog
  6610 | Lair:1   | Reached XP level 11. HP: 81/90 MP: 14/14
  6825 | Lair:1   | Reached skill level 11 in Fighting
  7459 | Lair:1   | Gained Boldo as an ally
  8058 | Lair:1   | Reached skill level 12 in Fighting
  8555 | Lair:2   | Noticed a seven-headed hydra
  8562 | Lair:2   | Killed a seven-headed hydra
  8656 | Lair:2   | Reached ***** piety under Beogh
  8930 | Lair:2   | Found a staircase to the Snake Pit.
  9461 | Lair:3   | Reached XP level 12. HP: 99/101 MP: 14/16
 10373 | Lair:4   | Noticed a seven-headed hydra
 10381 | Lair:4   | Killed a six-headed hydra
 11312 | Lair:4   | Reached skill level 13 in Fighting
 11433 | Lair:4   | Found a staircase to the Shoals.
 11611 | Lair:5   | Reached skill level 1 in Dodging
 11940 | Lair:5   | Gained Morbeogh as an ally
 12134 | Lair:5   | Found a staircase to the Slime Pits.
 12140 | Lair:5   | Gained Dorog as an ally
 12582 | Lair:6   | Entered Level 6 of the Lair of Beasts
 12833 | Lair:6   | Noticed a catoblepas
 12846 | Lair:6   | Killed a catoblepas
 13047 | Lair:6   | Reached skill level 14 in Fighting
 13345 | Lair:6   | Reached ****** piety under Beogh
 13386 | Lair:6   | Reached XP level 13. HP: 90/112 MP: 13/17
 13599 | Lair:6   | Gained Geork as an ally
 13608 | Lair:6   | HP: 3/112 [komodo dragon (14)]
 14015 | Lair:6   | Found a large runed door.
 14015 | Lair:6   | Found a large runed door.
 14472 | Lair:6   | Noticed a fire dragon
 14515 | Lair:6   | Killed a fire dragon
 14938 | Lair:1   | Identified a scroll of acquirement
 14939 | Lair:1   | Got a shimmering cloak
 14950 | Lair:1   | Identified the +2 cloak of Mafobuoj {rPois rC+ Stlth-} (You acquired it on level 1 of the Lair of Beasts)
 15000 | D:9      | Reached skill level 5 in Shields
 15141 | Orc:1    | Entered Level 1 of the Orcish Mines
 15141 | Orc:1    | Noticed Urug
 15154 | Orc:1    | Killed Urug
 15157 | Orc:1    | Gained Borgoth as an ally
 15604 | Orc:1    | Noticed an orc warlord
 15607 | Orc:1    | Gained Olfik as an ally
 15613 | Orc:1    | Killed an orc warlord
 15658 | Orc:1    | Noticed Mesmaeker13's ghost (journeyman DDFi)
 15674 | Orc:1    | Killed Mesmaeker13's ghost
 16294 | Orc:2    | Entered Level 2 of the Orcish Mines
 16410 | Orc:2    | Found a roughly hewn altar of Beogh.
 16513 | Orc:2    | Noticed Erolcha
 16522 | Orc:2    | Killed Erolcha
 16522 | Orc:2    | Reached skill level 15 in Fighting
 16553 | Orc:2    | Found a roughly hewn altar of Beogh.
 16555 | Orc:2    | Found Fepeas's Magic Scroll Shoppe.
 16564 | Orc:2    | Bought a scroll of noise for 16 gold pieces
 16603 | Orc:2    | Found a roughly hewn altar of Beogh.
 16809 | Orc:2    | Found a staircase to the Elven Halls.
 16814 | Orc:2    | Found a roughly hewn altar of Beogh.
 16815 | Orc:2    | Found Bisam's Antique Armour Emporium.
 16827 | Orc:2    | Bought a pair of runed gloves for 150 gold pieces
 16915 | Orc:2    | Found a roughly hewn altar of Beogh.
 17075 | Orc:2    | Noticed an orc warlord
 17087 | Orc:2    | Found Mixkydip's Antique Armour Shop.
 17092 | Orc:2    | Killed an orc warlord
 17093 | Orc:2    | Found a roughly hewn altar of Beogh.
 17095 | Orc:2    | Found Iramitud's Antique Weapon Boutique.
 17110 | Orc:2    | Bought a shiny helmet for 225 gold pieces
 17482 | Orc:2    | Bought a crude spear for 224 gold pieces
 17482 | Orc:2    | Identified the +10 spear of Bodily Humours {flame, rC+ Dex+4} (You bought it in a shop on level 2 of the Orcish Mines)
 17681 | Lair:1   | Quit the game

Skill      XL: |  1  2  3  4  5  6  7  8  9 10 11 12 13 |
---------------+----------------------------------------+-----
Axes           | 3 4 5 6 8 9 10 13 14 | 14.3
Armour         | 4 8 12 13 14 | 14.5
Invocations    | 2 5 6 |  6.2
Fighting       | 10 12 14 15 | 15.3
Dodging        | 3 |  3.3
Shields        | 4 6 |  6.2

Action                   |  1- 3 |  4- 6 |  7- 9 | 10-12 | 13-15 || total
-------------------------+-------+-------+-------+-------+-------++-------
Melee: War axe           |   129 |   192 |   310 |   476 |   199 ||  1306
       Whip              |       |       |       |    15 |     8 ||    23
Invok: Convert to Beogh  |       |     1 |       |       |       ||     1
       Smiting           |       |       |     3 |       |       ||     3
       Recall Orcish Fol |       |       |       |     4 |     2 ||     6
       Give Item to Name |       |       |       |       |     2 ||     2
  Use: Potion            |       |       |     4 |       |       ||     4
       Scroll            |       |       |       |    15 |     3 ||    18
 Stab: Paralysed         |       |       |     1 |       |     1 ||     2
       Distracted        |       |       |       |     3 |     5 ||     8
       Petrified         |       |       |       |     2 |       ||     2
  Eat: Chunk             |       |     6 |    12 |    26 |    11 ||    55
       Royal jelly       |       |       |     1 |       |       ||     1
       Fruit             |       |       |       |     1 |     3 ||     4
Armor: Scale mail        |    78 |    82 |     7 |       |       ||   167
       Plate armour      |       |       |   224 |   325 |   105 ||   654
Dodge: Dodged            |    33 |    48 |    63 |   104 |    45 ||   293
Block: Shield            |    74 |   115 |   154 |   248 |    85 ||   676
